Map: Sonho Sempiterno LE

Players

SneaKyTurtle - Winner!

  • Race: Terran Terran
  • League: Diamond
  • Spawn Location: 1:00

I.A. 2 (Muito fácil)

  • Race: Terran Terran
  • Spawn Location: 7:00

VOD

Have the link to the VOD?

Description

Time

  • Played on: July 12, 2020, 8:37 p.m.
  • Length: 12:29
Show
View Real Time Build Order
Export as new Build Order

SneaKyTurtle Terran - Winner!

Build Orders: Liberator Opening, Reaper Expand 

Get SALT Encoding   

  12  0:03  SCV  
  13  0:15  SCV  
  13  0:18  Supply Depot  
  14  0:27  SCV  
  15  0:39  SCV  
  15  0:41  Barracks  
  16  0:46  Refinery  
  16  0:52  SCV  
  17  1:04  SCV  
  18  1:16  SCV  
  19  1:31  Reaper  
  19  1:32  Orbital Command  
  20  1:42  Command Center  
  20  1:55  Supply Depot  
  20  1:57  SCV  
  21  2:03  Marine  
  22  2:12  Refinery  
  22  2:13  SCV  
  23  2:19  Factory  
  23  2:23  Barracks Reactor  
  23  2:25  SCV  
  24  2:37  SCV  
  25  2:49  SCV  
  26  2:56  Orbital Command  
  26  3:01  SCV  
  27  3:07  Starport, Barracks Tech Lab  
  27  3:10  Hellion x2  
  31  3:13  SCV  
  32  3:24  SCV  
  32  3:25  SCV  
  34  3:28  Marine  
  34  3:30  Supply Depot  
  34  3:32  Hellion  
  37  3:36  SCV  
  37  3:38  SCV  
  39  3:43  Liberator  
  39  3:48  SCV  
  43  3:53  SCV  
  43  3:54  Barracks Tech Lab  
  43  3:55  Hellion x2  
  48  4:00  SCV, Supply Depot  
  49  4:06  SCV  
  50  4:12  SCV  
  51  4:18  SCV  
  51  4:24  SCV, Command Center  
  52  4:30  SCV  
  54  4:31  Supply Depot  
  54  4:36  SCV  
  55  4:42  SCV  
  55  4:43  Refinery  
  55  4:44  Refinery  
  56  4:49  SCV  
  56  4:50  Factory  
  56  4:52  Factory  
  57  4:53  Hellion x2  
  57  4:54  SCV  
  62  5:03  Supply Depot  
  62  5:04  SCV  
  62  5:06  SCV  
  64  5:17  SCV  
  64  5:18  SCV  
  66  5:23  Hellion x2  
  70  5:33  SCV x2  
  72  5:36  Cyclone  
  72  5:37  Cyclone, Mag-Field Accelerator  
  72  5:39  Infernal Pre-Igniter  
  72  5:42  Orbital Command  
  78  5:45  SCV  
  79  5:52  Factory  
  79  5:54  Factory  
  79  5:56  SCV  
  80  5:57  SCV  
  81  6:08  SCV, Command Center  
  82  6:11  Orbital Command  
  82  6:13  Hellion, Cyclone x2  
  82  6:14  Hellion  
  82  6:15  Starport Tech Lab  
  92  6:25  Supply Depot  
  92  6:26  Supply Depot  
  92  6:27  SCV  
  92  6:28  Supply Depot  
  93  6:33  SCV  
  93  6:38  SCV  
  93  6:39  SCV  
  96  6:43  Armory x2  
  96  6:46  SCV, Engineering Bay  
  97  6:50  SCV, Factory Tech Lab x2  
  97  6:52  SCV  
  97  6:53  Cyclone  
  102  6:55  Cyclone  
  102  6:58  SCV  
  110  7:01  Hellion x2  
  110  7:02  SCV  
  111  7:13  SCV x2  
  113  7:16  Refinery  
  113  7:17  SCV, Refinery  
  113  7:21  Cyclone x2  
  120  7:25  SCV x2  
  122  7:33  Cyclone  
  122  7:34  Hellion x2  
  129  7:40  Factory x2  
  129  7:43  Factory  
  129  7:49  SCV  
  129  7:50  SCV x2  
  129  7:51  Missile Turret  
  132  7:55  Planetary Fortress  
  132  8:01  SCV  
  132  8:02  SCV x2  
  135  8:12  Missile Turret  
  135  8:13  SCV, Supply Depot  
  135  8:14  SCV x2, Terran Vehicle Weapons Level 1  
  135  8:15  Supply Depot, Terran Vehicle And Ship Armor Level 1  
  135  8:16  Supply Depot  
  138  8:23  Hi-Sec Auto Tracking  
  138  8:26  SCV  
  139  8:27  SCV  
  139  8:31  Refinery  
  139  8:33  Refinery  
  140  8:34  Missile Turret  
  140  8:35  SCV  
  140  8:38  SCV  
  142  8:42  Factory Tech Lab x2  
  142  8:43  Supply Depot, Factory Tech Lab  
  142  8:52  Siege Tank x4  
  142  8:53  Hellion x2  
  158  8:59  SCV x2  
  158  9:00  SCV x2  
  162  9:02  Command Center  
  162  9:07  Supply Depot  
  162  9:08  Siege Tank  
  162  9:09  Siege Tank  
  168  9:11  Siege Tank  
  171  9:20  Neosteel Armor  
  171  9:55  SCV x3  
  171  9:56  SCV  
  175  10:00  Missile Turret  
  175  10:07  SCV x2  
  175  10:10  Cyclone x6  
  195  10:14  Hellion, Cyclone  
  200  10:25  Missile Turret  
  200  10:31  Planetary Fortress  
  200  10:34  Refinery  
  200  10:36  Command Center  
  200  10:37  Refinery  
  199  11:46  Hellion  
Show
View Real Time Build Order
Export as new Build Order

I.A. 2 (Muito fácil) Terran 

Build Orders:  

Get SALT Encoding   

  12  0:00  SCV  
  13  0:13  SCV  
  14  0:18  Supply Depot  
  14  0:37  Refinery  
  14  0:42  Barracks  
  14  1:05  Supply Depot  
  14  1:12  Refinery  
  14  1:29  SCV, Marine  
  16  1:41  SCV  
  17  1:53  SCV  
  18  2:01  Marine  
  18  2:05  SCV  
  20  2:17  SCV  
  22  2:30  SCV  
  22  2:33  Marine  
  23  2:42  Orbital Command  
  23  5:13  Marine  
  24  5:17  Supply Depot  
  24  5:18  SCV  
  12  5:30  SCV  
  8  5:42  SCV, Marine  
  3  5:54  SCV  
  1  6:06  SCV  
  1  6:10  Marine  
  3  6:18  SCV  
  2  6:30  SCV  
  1  6:42  SCV, Marine  
  2  6:54  SCV  
  1  7:06  SCV  
  1  7:13  Marine  
  2  7:19  SCV  
  2  7:31  SCV  
  1  7:43  SCV  
  1  7:45  Marine  
  2  7:55  SCV  
  1  8:07  SCV  
  1  8:16  Marine  
  1  8:19  SCV  
  2  8:31  SCV  
  1  8:43  SCV  
  1  8:48  Marine  
  2  8:55  SCV  
  2  9:07  SCV  
  1  9:19  Marine  
  1  9:20  SCV  
  3  9:28  Factory  
  3  9:32  SCV  
  4  9:44  SCV  
  5  9:50  Marine  
  6  9:56  SCV  
  7  10:08  SCV  
  8  10:18  Starport  
  8  10:20  SCV  
  9  10:22  Marine  
  10  10:32  SCV  
  11  10:44  SCV  
  12  10:55  Command Center, Starport Tech Lab  
  12  10:56  SCV  
  13  10:58  Marine  
  14  11:13  Medivac  
  16  11:30  SCV  
  16  11:31  Supply Depot  
  16  11:42  SCV  
  15  11:54  SCV  
  7  12:10  Barracks  
Tags
 
Add a new tag
Caveats
  • Supply blocks, unpowered buildings, or Contaminate may cause inaccurate times.
  • Supply counts are checked every 10 seconds.